AoeStats
← Pijamaradu

Arena

504046498Analyzed
4v4 RM · 28d ago on Sep 3, 2026· 92m 48s· 8 players
Game mode
Random Map
Map size
Large (8 player)
Population
200
Speed
Normal
Resources
Standard
Victory
Conquest
Starting age
Dark Age
Ending age
Imperial Age
RankedLock teamsTeams togetherTeam positionsShared explorationLock speedFull tech treeHidden civsTurbo modeCheats
Victory
Defeat
🇬🇷 Sicilians · Greece
1054
+13
🇦🇷 Magyars · Argentina
1022
+15
🇨🇳 Bohemians · China
994
+16
🇦🇷 Persians · Argentina
917
+20
🇧🇪 Ethiopians · Belgium
1012
-17
🇳🇱 Spanish · Netherlands
1003
-16
🇨🇴 Turks · Colombia
986
-16
🇩🇪 Persians · Germany
969
-15
Yogurtu Mghe
10:50 Feudal Age
15:54 Castle Age
14:26 Double-Bit Axe
14:35 Loom
15:38 Horse Collar
15:55 Gold Mining
22:26 Heavy Plow
28:37 Imperial Age
26:31 Fletching
26:41 Padded Archer Armor
27:41 Wheelbarrow
28:38 Leather Archer Armor
29:28 Ballistics
29:06 Bodkin Arrow
30:25 Gold Shaft Mining
32:16 Thumb Ring
32:13 Bracer
34:16 Ring Archer Armor
34:36 Scale Barding Armor
34:41 Forging
37:25 Chain Barding Armor
37:41 Iron Casting
37:24 Heavy Camel Rider
38:19 Bloodlines
38:10 Husbandry
39:03 Plate Barding Armor
40:34 Bombard Tower
43:27 Blast Furnace
48:32 Hand Cart
Saeer
2:49 Loom
12:04 Feudal Age
16:55 Castle Age
15:03 Double-Bit Axe
15:16 Stone Mining
15:35 Horse Collar
19:02 Wheelbarrow
24:53 Gold Mining
26:06 Stone Shaft Mining
26:16 Forging
26:18 Town Watch
29:17 Iron Casting
29:47 Gold Shaft Mining
29:40 Hand Cart
30:37 Royal Heirs
31:02 Scale Mail Armor
30:53 Fletching
31:39 Squires
31:25 Arson
36:02 Imperial Age
35:16 Ballistics
35:16 Town Patrol
35:30 Bow Saw
36:15 Chain Mail Armor
36:29 Murder Holes
37:55 Chemistry
37:20 Conscription
38:10 Blast Furnace
39:34 Elite Shotel Warrior
42:00 Torsion Engines
43:10 Siege Engineers
52:15 Halberdier
MIB Asterix
10:36 Feudal Age
15:17 Castle Age
14:03 Double-Bit Axe
14:25 Horse Collar
16:36 Loom
21:39 Wheelbarrow
24:06 Husbandry
24:17 Bloodlines
25:22 Hand Cart
25:25 Bow Saw
25:22 Scale Barding Armor
25:54 Gold Mining
26:26 Heavy Plow
27:34 Stone Mining
32:03 Ballistics
35:08 Imperial Age
33:43 Fortified Wall
33:55 Chain Barding Armor
33:48 Forging
34:32 Town Watch
35:30 Fervor
35:25 Elite Conquistador
36:28 Conscription
36:45 Plate Barding Armor
37:46 Redemption
38:54 Iron Casting
39:41 Hoardings
39:18 Pikeman
39:58 Squires
39:44 Gambesons
39:44 Arson
41:01 Blast Furnace
40:02 Scale Mail Armor
41:15 Chemistry
40:13 Halberdier
40:47 Fletching
40:54 Murder Holes
41:10 Masonry
44:03 Chain Mail Armor
49:21 Plate Mail Armor
50:10 Architecture
52:38 Bodkin Arrow
60:28 Bracer
61:37 Light Cavalry
62:31 Hussar
64:36 Cavalier
66:45 Paladin
78:22 Sanctity
SalBaKiz
5:53 Loom
12:30 Feudal Age
13:23 Horse Collar
16:05 Castle Age
14:05 Double-Bit Axe
17:19 Bow Saw
19:06 Wheelbarrow
18:37 Stone Mining
23:03 Stone Shaft Mining
23:35 Fletching
26:44 Scale Barding Armor
26:50 Forging
27:22 Heavy Plow
28:21 Chain Barding Armor
29:11 Caravan
30:54 Hand Cart
30:37 Gold Mining
32:13 Gold Shaft Mining
36:16 Imperial Age
35:53 Iron Casting
35:59 Elite War Elephant
37:46 Town Watch
38:40 Hoardings
38:47 Conscription
38:42 Citadels
40:57 Crop Rotation
41:30 Two-Man Saw
41:25 Thumb Ring
40:41 Crossbowman
41:28 Thumb Ring
40:44 Crossbowman
41:53 Padded Archer Armor
42:29 Plate Barding Armor
42:16 Guilds
43:07 Kamandaran
46:34 Leather Archer Armor
46:16 Bodkin Arrow
47:23 Blast Furnace
53:22 Chemistry
52:19 Murder Holes
52:34 Masonry
54:43 Ring Archer Armor
Pijamaradu
11:21 Feudal Age
15:06 Double-Bit Axe
15:05 Horse Collar
18:36 Castle Age
19:32 Heavy Plow
19:29 Stone Mining
21:26 Forging
22:54 Gold Mining
24:05 Padded Archer Armor
23:58 Fletching
26:17 Pikeman
26:58 Squires
26:43 Arson
26:44 Gambesons
29:16 Wheelbarrow
35:53 Imperial Age
34:45 Iron Casting
34:22 Scale Mail Armor
34:21 Bodkin Arrow
34:26 Padded Archer Armor
34:55 Ballistics
35:26 Bow Saw
36:31 Scale Mail Armor
37:36 Chemistry
35:59 Halberdier
37:51 Gold Shaft Mining
38:37 Blast Furnace
37:53 Chain Mail Armor
38:58 Masonry
39:01 Bracer
39:16 Leather Archer Armor
40:15 Murder Holes
41:31 Elite Skirmisher
43:01 Plate Mail Armor
43:04 Crop Rotation
42:45 Siege Engineers
43:50 Hand Cart
43:21 Town Watch
46:48 Conscription
46:38 Hauberk
48:14 Bloodlines
48:04 Husbandry
47:25 Light Cavalry
48:42 Scale Barding Armor
49:07 Cavalier
50:09 Town Patrol
77:39 Stone Shaft Mining
79:22 Arrowslits
you go die
12:00 Feudal Age
18:15 Castle Age
16:42 Double-Bit Axe
17:21 Gold Mining
17:14 Horse Collar
17:56 Stone Mining
18:39 Bloodlines
24:13 Loom
25:08 Husbandry
25:16 Scale Barding Armor
26:21 Bow Saw
26:45 Heavy Plow
28:28 Wheelbarrow
29:25 Chain Barding Armor
31:31 Hand Cart
31:01 Town Watch
36:12 Imperial Age
34:20 Light Cavalry
35:31 Corvinian Army
36:14 Cavalier
36:14 Hussar
37:37 Plate Barding Armor
37:07 Recurve Bow
36:34 Elite Magyar Huszar
41:41 Paladin
49:05 Parthian Tactics
49:43 Thumb Ring
51:24 Crossbowman
52:03 Arbalester
61:08 Elite Skirmisher
66:37 Caravan
67:13 Coinage
67:43 Ballistics
67:04 Treadmill Crane
68:18 Fletching
68:28 Padded Archer Armor
68:29 Scale Mail Armor
72:15 Bodkin Arrow
72:35 Leather Archer Armor
75:36 Banking
75:21 Bracer
75:52 Ring Archer Armor
87:19 Hoardings
87:25 Hoardings
90:26 Fervor
89:59 Man-at-Arms
89:59 Pikeman
90:25 Arson
92:51 Sanctity
93:00 Illumination
92:43 Devotion
93:01 Block Printing
GordiTOsko
9:19 Feudal Age
9:43 Double-Bit Axe
11:17 Horse Collar
18:09 Castle Age
19:08 Loom
20:52 Bow Saw
20:44 Heavy Plow
25:22 Gold Mining
27:34 Wheelbarrow
31:57 Imperial Age
30:37 Fletching
31:00 Bloodlines
30:50 Husbandry
32:35 Conscription
32:36 Hand Cart
32:09 Town Watch
32:43 Forging
33:19 Scale Barding Armor
34:15 Iron Casting
34:03 Cavalier
35:06 Chain Barding Armor
37:27 Gold Shaft Mining
38:07 Plate Barding Armor
39:24 Two-Man Saw
41:32 Stone Mining
42:52 Blast Furnace
42:10 Murder Holes
46:01 Chemistry
45:27 Bodkin Arrow
45:45 Thumb Ring
46:06 Parthian Tactics
45:02 Heavy Cavalry Archer
48:12 Citadels
49:01 Padded Archer Armor
51:33 Guilds
52:44 Leather Archer Armor
61:15 Elite Skirmisher
62:37 Ring Archer Armor
68:05 Ballistics
73:59 Scale Mail Armor
76:50 Chain Mail Armor
77:00 Squires
77:13 Caravan
77:49 Pikeman
79:31 Plate Mail Armor
81:20 Crop Rotation
82:59 Arson
83:35 Man-at-Arms
83:37 Halberdier
84:47 Masonry
88:32 Architecture
91:36 Spies/Treason
Ehco
7:49 Loom
11:51 Feudal Age
15:29 Castle Age
13:39 Double-Bit Axe
15:36 Wheelbarrow
30:36 Imperial Age
28:38 Bow Saw
28:18 Horse Collar
29:13 Hand Cart
32:18 Chemistry
31:20 Murder Holes
32:08 Conscription
31:55 Elite Hussite Wagon
32:43 Hussite Reforms
34:23 Siege Engineers
35:04 Theocracy
34:51 Sanctity
34:42 Fervor
34:02 Pikeman
34:13 Elite Hussite Wagon
34:30 Houfnice
34:48 Halberdier
36:59 Padded Archer Armor
36:59 Scale Mail Armor
37:09 Forging
36:50 Fletching
38:23 Squires
38:39 Chain Mail Armor
38:35 Forging
39:27 Illumination
41:20 Wagenburg Tactics
41:59 Redemption
43:36 Block Printing
43:18 Herbal Medicine
47:11 Elite Skirmisher
54:10 Plate Mail Armor
53:56 Leather Archer Armor
54:17 Iron Casting
64:51 Blast Furnace
63:46 Bodkin Arrow
67:16 Masonry
71:28 Caravan
78:38 Ring Archer Armor
78:09 Bracer
78:45 Ballistics
87:02 Spies/Treason
90:15 Cavalier
90:55 Husbandry
Connection lost

Rejoining the realm…

Still unreachable

The connection could not be restored.

Session expired

The server has moved on; the page needs a fresh start.